AoeStats
← Atlans

Arabia

510123356Analyzed
1v1 RM · 2d ago on Sep 29, 2026· 56m 58s· 2 players
Game mode
Random Map
Map size
Tiny (2 player)
Population
200
Speed
Normal
Resources
Standard
Victory
Conquest
Starting age
Dark Age
Ending age
Imperial Age
RankedLock teamsTeams togetherTeam positionsShared explorationLock speedFull tech treeHidden civsTurbo modeCheats
Victory
Defeat
🇫🇷 Franks · France
604
+14
🇩🇪 Hindustanis · Germany
571
-14
mleit
5:44 Loom
10:40 Feudal Age
12:36 Double-Bit Axe
17:06 Scale Mail Armor
17:17 Forging
18:07 Horse Collar
22:45 Castle Age
20:52 Fletching
21:58 Gold Mining
21:59 Stone Mining
21:52 Man-at-Arms
22:18 Arson
24:28 Bow Saw
24:46 Husbandry
24:57 Bloodlines
25:17 Chain Mail Armor
26:55 Iron Casting
27:12 Scale Barding Armor
29:05 Chain Barding Armor
31:19 Long Swordsman
32:00 Squires
31:21 Pikeman
35:48 Wheelbarrow
35:40 Town Watch
38:00 Stone Shaft Mining
38:01 Gold Shaft Mining
37:26 Bodkin Arrow
37:32 Padded Archer Armor
39:12 Hand Cart
38:59 Town Patrol
41:48 Imperial Age
41:09 Heavy Plow
42:02 Murder Holes
41:58 Guard Tower
42:19 Fortified Wall
42:20 Masonry
43:26 Hoardings
42:34 Two-Handed Swordsman
47:03 Chemistry
45:47 Siege Elephant
47:28 Plate Barding Armor
49:28 Heavy Camel Rider
51:22 Onager
54:01 Blast Furnace
55:37 Imperial Camel Rider
Atlans
4:23 Loom
13:08 Feudal Age
15:37 Wheelbarrow
19:11 Castle Age
18:54 Forging
19:15 Double-Bit Axe
19:51 Scale Mail Armor
20:15 Bow Saw
20:32 Town Watch
20:58 Pikeman
22:04 Gold Mining
22:51 Squires
24:36 Hand Cart
25:05 Fletching
26:12 Chain Mail Armor
26:34 Arson
27:47 Stone Mining
29:30 Gold Shaft Mining
34:51 Iron Casting
39:51 Imperial Age
37:35 Masonry
37:06 Treadmill Crane
39:09 Husbandry
39:43 Scale Barding Armor
41:02 Conscription
41:18 Hoardings
40:45 Chivalry
40:47 Halberdier
42:20 Architecture
44:43 Blast Furnace
44:26 Plate Mail Armor
45:16 Cavalier
48:14 Chain Barding Armor
47:50 Bodkin Arrow
48:15 Light Cavalry
54:07 Plate Barding Armor
54:48 Padded Archer Armor
56:02 Paladin
57:02 Leather Archer Armor
56:11 Elite Skirmisher
Connection lost

Rejoining the realm…

Still unreachable

The connection could not be restored.

Session expired

The server has moved on; the page needs a fresh start.